 Dungeon Crawl Stone Soup version 0.32-a0-131-g9dbbe29261 (webtiles) character file.

Game seed: 16256222185662806767

388 juan097 the Trooper (level 6, -2/68 HPs)
             Began as an Oni Warper on Feb 8, 2024.
             Was a Believer of Lugonu.
             Slain by Grinder (4 damage)
             ... on level 4 of the Dungeon.
             The game lasted 00:10:07 (4379 turns).

juan097 the Trooper (Oni Warper)                    Turns: 4379, Time: 00:10:08

Health: -2/68      AC:  5    Str: 18    XL:     6   Next: 79%
Magic:  9/9        EV:  9    Int: 14    God:    Lugonu [**....]
Gold:   145        SH:  0    Dex:  8    Spells: 9/9 levels left

rFire   . . .        a - +0 flail
rCold   . . .        (no shield)
rNeg    . . .        g - +0 robe
rPois   .            (helmet restricted)
rElec   .            c - +1 cloak
rCorr   .            (gloves unavailable)
SInv    .            (boots unavailable)
Will    .....        (no amulet)
Stlth   +            (no ring)
HPRegen 0.31/turn    (no ring)
MPRegen 0.11/turn

%: no passive effects
@: no status effects
A: large, unfitting armour, horns 1, tough skin 1, double potion healing,
drunken brawling
a: Renounce Religion, Depart the Abyss, Banish


You were on level 4 of the Dungeon.
You worshipped Lugonu.
Lugonu was pleased with you.
You visited 1 branch of the dungeon, and saw 4 of its levels.

You collected 145 gold pieces.

Inventory:

Hand Weapons
 a - a +0 flail (weapon)
 b - a +0 sling
 u - a +0 mace
Missiles
 d - 7 darts of dispersal (quivered)
 l - 9 poisoned darts
 t - 2 boomerangs
Armour
 c - a +1 cloak (worn)
 g - a +0 robe (worn)
Scrolls
 h - a scroll of fog {unknown}
 i - a scroll of enchant armour {unknown}
 k - a scroll of vulnerability {unknown}
 n - 2 scrolls of identify {unknown}
 o - a scroll of enchant weapon {unknown}
 p - 3 scrolls of fear {unknown}
 q - a scroll of teleportation {unknown}
 r - a scroll of noise {unknown}
 s - 2 scrolls of torment {unknown}
Potions
 e - a potion of resistance {unknown}
 f - a potion of might {unknown}
 j - 2 potions of mutation {unknown}
 m - a potion of berserk rage {unknown}


   Skills:
 + Level 6.8 Fighting
 + Level 5.1 Maces & Flails
 - Level 1.0 Throwing
 - Level 2.1 Dodging
 - Level 2.4 Spellcasting
 - Level 2.6 Translocations


You had 9 spell levels left.
You didn't know any spells.
Your spell library contained the following spells:

 Spells                   Type           Power      Damage    Failure   Level
 Blink                    Tloc           18%        N/A       12%         2
 Lesser Beckoning         Tloc           18%        N/A       12%         2
 Sandblast                Erth           2%         2d4       22%         1
 Teleport Other           Tloc           9%         N/A       22%         3
 Jinxbite                 Hex            2%         N/A       34%         2
 Passwall                 Erth           1%         N/A       56%         3
 Stone Arrow              Conj/Erth      2%         3d7       56%         3
 Manifold Assault         Tloc           9%         N/A       58%         4
 Vhi's Electric Charge    Tloc/Air       10%        N/A       78%         4
 Brom's Barrelling Bould  Conj/Erth      1%         2d3       92%         4
 Yara's Violent Unravell  Hex/Alch       0%         3d3       99%         5
 Enfeeble                 Hex            0%         N/A       100%        7


Dungeon Overview and Level Annotations

Branches:
Dungeon (4/15)
 Temple: D:4-7

Altars:
Zin
Lugonu

Annotations:
D:2 1 runed translucent door, Crazy Yiuf
D:4 Blork the orc, Grinder, Ijyb


Innate Abilities, Weirdness & Mutations

You are too large for most types of armour.
You have a pair of small horns on your head.
You have tough skin. (AC +1)
You gain doubled healing and magic from potions.
Whenever you drink a healing potion, you attack all around you.


Message History

Grinder shouts!
Okay, then.
Press: ? - help, v - describe, . - travel
Here: Grinder The floor.
You closely miss Grinder. Grinder hits you.
You writhe in agony.
You hit Grinder but do no damage. Your headbutt misses Grinder.
Grinder hits you.
You writhe in agony.
You closely miss Grinder. Your punch misses Grinder. Grinder gestures at you.
Pain shoots through your body!
You closely miss Grinder. You headbutt Grinder.
Grinder is lightly wounded.
Grinder hits you but does no damage.
You sock Grinder!
Grinder is moderately wounded.
Grinder hits you! x2; You writhe in agony.
You completely miss Grinder.
Grinder is moderately wounded.
Grinder hits you.
Okay, then.
You hit Grinder but do no damage. Your headbutt misses Grinder.
Grinder is moderately wounded.
Grinder barely misses you.
You sock Grinder!
Grinder is heavily wounded.
Grinder gestures at you. Pain shoots through your body!
* * * LOW HITPOINT WARNING * * *
You barely miss Grinder. You headbutt Grinder.
Grinder is severely wounded.
Grinder hits you!
* * * LOW HITPOINT WARNING * * *
You writhe in agony.
* * * LOW HITPOINT WARNING * * *
Press: ? - help, Shift-Dir - straight line, f - Grinder
Aim: Grinder (severely wounded, chance to affect: 78%)
You fail to use your ability.
Grinder hits you.
You die...
Grinder says, "Hey, I wasn't done torturing you yet!"

....#....+........#.......#
....#....#..[.....#.......#
....#....#........#.......#
######+###...######
#...##...# #........#
#........# #### #........#
....# #......@.+ ....#
########5# ..... .... ....g
....... ..... ..........
..... ........... ....#
#+#####..... ... .....


You could see Grinder.

Vanquished Creatures
  Sigmund (D:4)
  An orc priest (D:2)
  An iguana (D:3)
  An orc wizard (D:4)
  3 gnolls (D:4)
  4 adders
  A dart slug (D:1)
  12 orcs
  10 endoplasms
  2 giant cockroaches (D:3)
  2 goblins
  4 hobgoblins
  4 jackals (D:1)
  10 kobolds
  2 quokkas
  7 ball pythons
  4 bats
  6 frilled lizards
  3 rats (D:1)
78 creatures vanquished.

Notes
Turn   | Place    | Note
-------+----------+-------------------------------------------
     0 | D:1      | juan097 the Oni Warper began the quest for the Orb.
     0 | D:1      | Reached XP level 1. HP: 22/22 MP: 3/3
   154 | D:1      | Reached skill level 3 in Fighting
   161 | D:1      | Reached XP level 2. HP: 21/31 MP: 5/5
   583 | D:1      | Noticed a shining eye
   647 | D:1      | Found a faded altar of an unknown god.
   652 | D:1      | Noticed a glass eye
   657 | D:1      | Noticed a golden eye
   657 | D:1      | Noticed an eye of devastation
   662 | D:1      | Prayed at the altar of an unknown god.
   662 | D:1      | Became a worshipper of Lugonu the Unformed
   662 | D:1      | Reached * piety under Lugonu
   717 | D:1      | Reached XP level 3. HP: 37/39 MP: 6/6
  1199 | D:1      | Reached skill level 4 in Fighting
  1354 | D:2      | Reached XP level 4. HP: 49/49 MP: 7/7
  1490 | D:2      | Found a glowing silver altar of Zin.
  1639 | D:2      | Found a runed translucent door.
  1640 | D:2      | Noticed Crazy Yiuf
  2230 | D:3      | Reached skill level 5 in Fighting
  2357 | D:3      | Reached XP level 5. HP: 39/57 MP: 8/8
  2568 | D:3      | Reached ** piety under Lugonu
  3134 | D:4      | Noticed Ijyb
  3471 | D:4      | Noticed Sigmund
  3489 | D:4      | Killed Sigmund
  3490 | D:4      | Reached skill level 6 in Fighting
  3490 | D:4      | Reached skill level 5 in Maces & Flails
  3490 | D:4      | Reached XP level 6. HP: 39/68 MP: 1/9
  3684 | D:4      | HP: 2/68 [orc/boomerang (4)]
  3906 | D:4      | Noticed Blork the orc
  4368 | D:4      | Noticed Grinder
  4378 | D:4      | HP: 2/68 [Grinder (6)]
  4379 | D:4      | Slain by Grinder

Illustrated notes

Levels and vault maps discovered:
D:1:      noname_arrival_rooms_in_the_neighbourhood, layout_basic,
          hellmonk_ecumenical_altar_watching_god
D:2:      layout_loops_cross, basic_altar, serial_glass, glass_columns_b,
          glass_columns_a, glass_columns_a, glass_columns_c, glass_columns_a,
          glass_columns_b, uniq_crazy_yiuf_cottage
D:3:      layout_loops_ring
D:4:      layout_gridville, nicolae_ossuary_entry_catacombs, uniq_ijyb,
          uniq_blork_the_orc, uniq_sigmund, uniq_grinder

Skill      XL: |  1  2  3  4  5 |
---------------+----------------+-----
Fighting       | 3 4 5 6 |  6.8
Maces & Flails | 3 5 |  5.1
Throwing       | |  1.0
Dodging        | |  2.1
Spellcasting   | |  2.4
Translocations | |  2.6

Action                     |  1- 3 |  4- 6 || total
---------------------------+-------+-------++-------
  Melee: Mace              |    91 |   160 ||   251
         Headbutt          |     9 |    17 ||    26
         Punch             |     1 |     4 ||     5
         Flail             |       |    14 ||    14
   Fire: Sling             |    11 |    29 ||    40
  Throw: Throwing net      |       |     1 ||     1
    Use: Scroll            |       |     1 ||     1
   Stab: Sleeping          |     1 |       ||     1
         Held in net/web   |       |     1 ||     1
 Armour: Robe              |    74 |   156 ||   230
  Dodge: Dodged            |    49 |    68 ||   117

Table legend: (Time is in decaauts)
 A = Elapsed time spent in this place.
 B = Non-inter-level travel time spent in this place.
 C = Inter-level travel time spent in this place.
 D = Time resting spent in this place.
 E = Time spent auto-exploring this place.
 F = Levels seen in this place.
 G = Mean time per level.
                   A        B        C        D        E       F      G
               +--------+--------+--------+--------+--------+-----+--------+
         Total |   4433 |   4121 |    312 |    447 |   2626 |   4 | 1108.2 |
       Dungeon |   4433 |   4121 |    312 |    447 |   2626 |   4 | 1108.2 |
               +--------+--------+--------+--------+--------+-----+--------+

Top non-repeatable levels by time:
     D:1: 1273 daAuts
     D:3: 1194 daAuts
     D:4: 1026 daAuts
     D:2: 938 daAuts
